[Event "IMSA Blitz Women 2019"]
[Site "Hengshui"]
[Date "2019.05.18"]
[Round "8.2"]
[White "Paehtz, Elisabeth"]
[Black "Stefanova, Antoaneta"]
[Result "1-0"]
[ECO "A48"]
[WhiteElo "2470"]
[BlackElo "2470"]
[Annotator "RC"]
[PlyCount "77"]
[EventDate "2019.05.17"]
[EventType "blitz"]
[EventCountry "CHN"]
[SourceTitle "playchess.com"]
[Source "ChessBase"]
[SourceQuality "1"]
[TimeControl "180+2"]

1. d4 Nf6 2. Nf3 g6 3. Bg5 Bg7 4. Nbd2 O-O 5. c3 d6 6. e4 c5 7. dxc5 dxc5 8. Bc4 Qc7 9. Qe2 Nh5 10. g3 Bh3 11. O-O-O Nc6 12. Be3 Na5 13. Bd3 Be6 14. Kb1 c4 15. Bc2 b5 16. Nd4 Bd7 17. f4 Nf6 18. e5 Nd5 19. Be4 Nxe3 20. Qxe3 Rab8 21. a3 Nb7 22. h4 Nc5 23. h5 Nxe4 24. Nxe4 a5 25. hxg6 hxg6 26. Qe2 b4 27. Qh2 Rfd8 28. Qh7+ Kf8 29. Ng5 bxa3 30. Qh8+ Bxh8 31. Rxh8+ Kg7 32. Rh7+ Kg8 33. Rdh1 Rxb2+ 34. Ka1 Rb1+ 35. Rxb1 f6 36. Rbh1 Bh3 37. R7xh3 fxg5 38. Rh8+ Kf7 39. R1h7# 1-0

[Event "IMSA Blitz Women 2019"]
[Site "Hengshui"]
[Date "2019.05.18"]
[Round "9.1"]
[White "Gunina, Valentina"]
[Black "Lei, Tingjie"]
[Result "0-1"]
[ECO "C42"]
[WhiteElo "2506"]
[BlackElo "2507"]
[Annotator "RC"]
[PlyCount "66"]
[EventDate "2019.05.17"]
[EventType "blitz"]
[EventCountry "CHN"]
[SourceTitle "playchess.com"]
[Source "ChessBase"]
[SourceQuality "1"]
[TimeControl "180+2"]

1. e4 e5 2. Nf3 Nf6 3. Nxe5 d6 4. Nf3 Nxe4 5. Bd3 Nf6 6. O-O Be7 7. c3 O-O 8. Bc2 b6 9. d4 Bb7 10. Re1 Nbd7 11. Bg5 Re8 12. Nbd2 Nd5 13. Bxe7 Rxe7 14. Ne4 Nf4 15. Qd2 Ng6 16. h4 h6 17. h5 Ngf8 18. Nh4 Rxe4 19. Bxe4 d5 20. Bxd5 Bxd5 21. Nf5 Ne6 22. Rac1 Qf6 23. Ne3 Qg5 24. Qe2 Nf4 25. Qf1 Be4 26. Rcd1 Nf6 27. f3 Bb7 28. Rd2 N6xh5 29. Kh2 Qh4+ 30. Kg1 Ng3 31. Qb5 Ne4 32. Rdd1 Nh3+ 33. Kh2 Nhf2+ 0-1

[Event "IMSA Blitz Women 2019"]
[Site "Hengshui"]
[Date "2019.05.18"]
[Round "9.1"]
[White "Paehtz, Elisabeth"]
[Black "Kosteniuk, Alexandra"]
[Result "0-1"]
[ECO "D02"]
[WhiteElo "2470"]
[BlackElo "2546"]
[Annotator "ChessBase"]
[PlyCount "21"]
[EventDate "2019.05.17"]
[EventType "blitz"]
[EventCountry "CHN"]
[SourceTitle "playchess.com"]
[Source "ChessBase"]
[SourceQuality "1"]
[TimeControl "180+2"]

1. d4 Nf6 2. Nf3 d5 3. Bf4 c5 4. e3 Nc6 5. Nbd2 Bg4 6. c3 e6 7. Qa4 Nd7 8. Bb5 Qb6 9. O-O a6 10. Bxc6 Qxc6 11. h3 0-1

[Event "IMSA Blitz Women 2019"]
[Site "Hengshui"]
[Date "2019.05.18"]
[Round "9.2"]
[White "Dzagnidze, Nana"]
[Black "Bodnaruk, Anastasia"]
[Result "1-0"]
[ECO "E63"]
[WhiteElo "2510"]
[BlackElo "2431"]
[Annotator "RC"]
[PlyCount "71"]
[EventDate "2019.05.17"]
[EventType "blitz"]
[EventCountry "CHN"]
[SourceTitle "playchess.com"]
[Source "ChessBase"]
[SourceQuality "1"]
[TimeControl "180+2"]

1. d4 Nf6 2. c4 g6 3. Nf3 Bg7 4. g3 O-O 5. Bg2 d6 6. Nc3 Nc6 7. O-O a6 8. Bf4 Rb8 9. Rc1 Bd7 10. b3 b5 11. Nd5 Nxd5 12. cxd5 Nb4 13. e4 Nxa2 14. Ra1 Nc3 15. Qc2 b4 16. Rfe1 Bb5 17. Bd2 Ne2+ 18. Kh1 Nxd4 19. Nxd4 Bxd4 20. Rac1 Bxf2 21. Red1 Bc5 22. Bh6 Re8 23. Qb2 f6 24. e5 fxe5 25. Rxc5 Qd7 26. Rc2 Qf5 27. Rf2 Qh5 28. Qd2 Kh8 29. h4 Rg8 30. Kh2 g5 31. Bxg5 Rxg5 32. Qxg5 Qxd1 33. Rf7 Rg8 34. Rxh7+ Kxh7 35. Be4+ Kh8 36. Qh6# 1-0

[Event "IMSA Blitz Women 2019"]
[Site "Hengshui"]
[Date "2019.05.18"]
[Round "9.2"]
[White "Lei, Tingjie"]
[Black "Gunina, Valentina"]
[Result "1-0"]
[ECO "B12"]
[WhiteElo "2507"]
[BlackElo "2506"]
[Annotator "RC"]
[PlyCount "81"]
[EventDate "2019.05.17"]
[EventType "blitz"]
[EventCountry "CHN"]
[SourceTitle "playchess.com"]
[Source "ChessBase"]
[SourceQuality "1"]
[TimeControl "180+2"]

1. e4 c6 2. d4 d5 3. e5 Bf5 4. Nf3 e6 5. Be2 Nd7 6. O-O h6 7. Nbd2 Ne7 8. Re1 Qc7 9. c3 g5 10. Nf1 Bg7 11. Ng3 Bg6 12. a4 O-O 13. Bd3 c5 14. h4 g4 15. Nh2 h5 16. f3 f5 17. fxg4 hxg4 18. h5 Bh7 19. h6 Bh8 20. Nxg4 cxd4 21. cxd4 Ng6 22. Nf2 Qb6 23. Be3 Qd8 24. Qh5 Qe8 25. Qg5 Qe7 26. Nh5 Qxg5 27. Bxg5 Kf7 28. Bb5 Nb6 29. a5 Nc4 30. b3 Rg8 31. bxc4 Nxe5 32. dxe5 Rxg5 33. Nf4 d4 34. Red1 Rd8 35. N2d3 Rg4 36. c5 Rh4 37. Bc4 Rxh6 38. Rab1 Rd7 39. a6 bxa6 40. c6 Rc7 41. Rb7 1-0

[Event "IMSA Blitz Women 2019"]
[Site "Hengshui"]
[Date "2019.05.18"]
[Round "9.2"]
[White "Harika, Dronavalli"]
[Black "Tan, Zhongyi"]
[Result "0-1"]
[ECO "C55"]
[WhiteElo "2492"]
[BlackElo "2513"]
[Annotator "RC"]
[PlyCount "60"]
[EventDate "2019.05.17"]
[EventType "blitz"]
[EventCountry "CHN"]
[SourceTitle "playchess.com"]
[Source "ChessBase"]
[SourceQuality "1"]
[TimeControl "180+2"]

1. e4 e5 2. Nf3 Nc6 3. Bc4 Nf6 4. d4 exd4 5. e5 Ne4 6. Qe2 Nc5 7. O-O Ne6 8. c3 d5 9. exd6 Bxd6 10. cxd4 O-O 11. d5 Ned4 12. Nxd4 Nxd4 13. Qe4 c5 14. dxc6 Bf5 15. Qe3 Nc2 16. Qf3 Bg6 17. cxb7 Rb8 18. Nc3 Qh4 19. Bf4 Bxf4 20. g3 Bxg3 21. hxg3 Qxc4 22. Rad1 Qc7 23. Nd5 Qxb7 24. Rd2 Rfe8 25. b3 Be4 26. Qh5 Bxd5 27. Rxd5 g6 28. Qg5 Nb4 29. Rd4 Nc6 30. Rh4 Ne5 0-1

[Event "IMSA Blitz Women 2019"]
[Site "Hengshui"]
[Date "2019.05.18"]
[Round "9.2"]
[White "Ushenina, Anna"]
[Black "Zhao, Xue"]
[Result "1/2-1/2"]
[ECO "E11"]
[WhiteElo "2442"]
[BlackElo "2485"]
[Annotator "RC"]
[PlyCount "46"]
[EventDate "2019.05.17"]
[EventType "blitz"]
[EventCountry "CHN"]
[SourceTitle "playchess.com"]
[Source "ChessBase"]
[SourceQuality "1"]
[TimeControl "180+2"]

1. d4 e6 2. Nf3 Nf6 3. c4 Bb4+ 4. Nbd2 d6 5. a3 Bxd2+ 6. Qxd2 Nbd7 7. b4 b6 8. Bb2 Bb7 9. e3 O-O 10. Be2 Ne4 11. Qc2 f5 12. O-O Rf6 13. d5 Rh6 14. dxe6 Nf8 15. Ne1 Qh4 16. Nf3 Qh5 17. h3 Ng5 18. Qc3 Nfxe6 19. Nxg5 Qxg5 20. f3 Rxh3 21. Rf2 Qg3 22. Qd3 Qh2+ 23. Kf1 Qh1# 1/2-1/2

[Event "IMSA Blitz Women 2019"]
[Site "Hengshui"]
[Date "2019.05.18"]
[Round "9.2"]
[White "Krush, Irina"]
[Black "Khotenashvili, Bela"]
[Result "1-0"]
[ECO "A40"]
[WhiteElo "2422"]
[BlackElo "2476"]
[Annotator "RC"]
[PlyCount "75"]
[EventDate "2019.05.17"]
[EventType "blitz"]
[EventCountry "CHN"]
[SourceTitle "playchess.com"]
[Source "ChessBase"]
[SourceQuality "1"]
[TimeControl "180+2"]

1. d4 g6 2. c4 Bg7 3. e4 c5 4. d5 d6 5. Nc3 e6 6. Bd3 Ne7 7. Nf3 O-O 8. O-O h6 9. a3 e5 10. b4 Na6 11. Rb1 f5 12. Ne1 f4 13. Be2 h5 14. Nd3 b6 15. bxc5 bxc5 16. f3 g5 17. Nf2 Nc7 18. Nb5 Ne8 19. Bd2 Ng6 20. Qa4 Kh7 21. Qa5 Qe7 22. Rb3 Bf6 23. Rfb1 Rg8 24. h3 Nh4 25. Kf1 Qd7 26. Nc3 Bd8 27. Qb5 Qc7 28. Qc6 Qxc6 29. dxc6 Be6 30. Nd5 Rc8 31. Rb7+ Kg6 32. Rxa7 Rxc6 33. Rb8 Bf6 34. Raa8 Bf7 35. Bd1 Nc7 36. Rxg8+ Bxg8 37. Rxg8+ Kf7 38. Rc8 1-0

[Event "IMSA Blitz Women 2019"]
[Site "Hengshui"]
[Date "2019.05.18"]
[Round "10.1"]
[White "Gunina, Valentina"]
[Black "Tan, Zhongyi"]
[Result "1/2-1/2"]
[ECO "C50"]
[WhiteElo "2506"]
[BlackElo "2513"]
[Annotator "RC"]
[PlyCount "275"]
[EventDate "2019.05.17"]
[EventType "blitz"]
[EventCountry "CHN"]
[SourceTitle "playchess.com"]
[Source "ChessBase"]
[SourceQuality "1"]
[TimeControl "180+2"]

1. e4 e5 2. Nf3 Nc6 3. Bc4 Nf6 4. d3 Bc5 5. O-O O-O 6. Bg5 h6 7. Bh4 Be7 8. c3 d6 9. Nbd2 Na5 10. Bb5 a6 11. Ba4 b5 12. Bc2 c5 13. Re1 Be6 14. Nf1 Rb8 15. Ne3 b4 16. Bxf6 Bxf6 17. Nd5 Nc6 18. Ba4 Bxd5 19. exd5 Ne7 20. Bb3 Qd7 21. d4 bxc3 22. bxc3 exd4 23. cxd4 cxd4 24. Nxd4 Rb4 25. Nc2 Bxa1 26. Nxb4 Bc3 27. Re4 Qb7 28. Qe2 Bxb4 29. Rxe7 Qb6 30. g3 a5 31. Kg2 Qd4 32. Re4 Qc3 33. Bc2 Bc5 34. Rc4 Qf6 35. h4 Rb8 36. Rf4 Qe5 37. Qf3 Rf8 38. h5 Qg5 39. Qd3 f5 40. Qf3 Bb4 41. Bxf5 Kh8 42. Qd3 Qe7 43. Rf3 Bc5 44. Qc4 Qe5 45. Qg4 Qxd5 46. Qg6 Qg8 47. Be6 Rxf3 48. Bxg8 Rxf2+ 49. Kh3 Kxg8 50. Kg4 Rf8 51. Qe6+ Kh8 52. Qe7 Rb8 53. a4 Bb4 54. Kf5 Kg8 55. Kg6 Bc3 56. Qe6+ Kh8 57. Kf7 Rb7+ 58. Kf8 Rb8+ 59. Ke7 Rb7+ 60. Kd8 Rb8+ 61. Kc7 Rf8 62. Kb6 Bb4 63. g4 Rf6 64. Qe8+ Kh7 65. Qe4+ Kg8 66. Kb5 Kf8 67. Qd5 Rf7 68. Kc6 Re7 69. g5 hxg5 70. Qxg5 Kf7 71. Qg6+ Kf8 72. Qh7 Re8 73. Qf5+ Kg8 74. Qg6 Rc8+ 75. Kd7 Rf8 76. h6 Bc3 77. h7+ Kh8 78. Ke7 Rf6 79. Qd3 Be5 80. Qe4 Rf4 81. Qc2 Rh4 82. Qg6 Rf4 83. Qc2 Rf6 84. Qd2 Kxh7 85. Qxa5 Rh6 86. Qd2 Rh4 87. a5 Bd4 88. a6 Bc5 89. Qc2+ Kh8 90. Qa2 Rh6 91. a7 Bxa7 92. Qxa7 Rf6 93. Qg1 Kg8 94. Qg5 Kh8 95. Qd5 Kh7 96. Ke8 Kh8 97. Kd7 Kh7 98. Qh5+ Kg8 99. Ke7 Rh6 100. Qd5+ Kh8 101. Qg5 Rf6 102. Qd5 Kh7 103. Qc4 Kh8 104. Qh4+ Rh6 105. Qe4 Rf6 106. Qh4+ Rh6 107. Qg5 Rf6 108. Qh5+ Kg8 109. Kd7 Rh6 110. Qe8+ Kh7 111. Kc6 Rf6 112. Kd5 Rh6 113. Ke4 Rf6 114. Ke3 Rh6 115. Kf4 Rf6+ 116. Kg5 Rh6 117. Qe4+ Kh8 118. Qc4 Rf6 119. Qb3 Rh6 120. Qb8+ Kh7 121. Qb1+ Kh8 122. Qb2 Rf6 123. Qh2+ Kg8 124. Qb2 Kh8 125. Qb3 Rh6 126. Kf5 Rf6+ 127. Ke4 Kh7 128. Qc2 Kh8 129. Qd3 Kh7 130. Kd5+ Kh8 131. Kc6 Kg8 132. Kd7 Kh8 133. Ke7 Kg8 134. Qh3 Rh6 135. Qc8+ Kh7 136. Qf5+ Kg8 137. Qd5+ Kh8 138. Qf7 1/2-1/2

[Event "IMSA Blitz Women 2019"]
[Site "Hengshui"]
[Date "2019.05.18"]
[Round "10.1"]
[White "Paehtz, Elisabeth"]
[Black "Zhao, Xue"]
[Result "0-1"]
[ECO "A46"]
[WhiteElo "2470"]
[BlackElo "2485"]
[Annotator "ChessBase"]
[PlyCount "84"]
[EventDate "2019.05.17"]
[EventType "blitz"]
[EventCountry "CHN"]
[SourceTitle "playchess.com"]
[Source "ChessBase"]
[SourceQuality "1"]
[TimeControl "180+2"]

1. d4 Nf6 2. Nf3 b5 3. Bg5 Bb7 4. Nbd2 a6 5. e3 e6 6. a4 b4 7. Bd3 h6 8. Bh4 d6 9. O-O Nbd7 10. Qe2 c5 11. a5 Be7 12. c3 bxc3 13. bxc3 O-O 14. Rfb1 Qc7 15. Bg3 Nd5 16. Rc1 Rfc8 17. e4 N5f6 18. e5 Nh5 19. exd6 Nxg3 20. hxg3 Bxd6 21. Nc4 Bf8 22. Nfe5 Rd8 23. Nxd7 Qxd7 24. Nb6 Qc6 25. f3 Rab8 26. Bxa6 Bxa6 27. Qxa6 Qd6 28. Qe2 cxd4 29. cxd4 Qxg3 30. Qe5 Qh4 31. Qe4 Qg5 32. Nc4 Rxd4 33. Qe5 Qxe5 34. Nxe5 Rd5 35. Nc6 Ra8 36. Kf1 Ra6 37. Nb8 Raxa5 38. Rxa5 Rxa5 39. Rc8 Ra8 40. Ke2 g6 41. Kd3 Kg7 42. Kc4 Bd6 0-1

[Event "IMSA Blitz Women 2019"]
[Site "Hengshui"]
[Date "2019.05.18"]
[Round "10.1"]
[White "Bodnaruk, Anastasia"]
[Black "Stefanova, Antoaneta"]
[Result "1-0"]
[ECO "C60"]
[WhiteElo "2431"]
[BlackElo "2470"]
[Annotator "RC"]
[PlyCount "125"]
[EventDate "2019.05.17"]
[EventType "blitz"]
[EventCountry "CHN"]
[SourceTitle "playchess.com"]
[Source "ChessBase"]
[SourceQuality "1"]
[TimeControl "180+2"]

1. e4 e5 2. Nf3 Nc6 3. Bb5 g6 4. d4 exd4 5. c3 Bg7 6. cxd4 Nge7 7. d5 a6 8. Be2 Nb8 9. Nc3 d6 10. O-O O-O 11. Bg5 h6 12. Be3 Nd7 13. Qd2 Kh7 14. Bd4 Ne5 15. Nxe5 dxe5 16. Bc5 b6 17. Ba3 Re8 18. Rfd1 Bb7 19. Qe3 Nc8 20. f4 exf4 21. Qxf4 Nd6 22. Bd3 Be5 23. Qf2 Rf8 24. Rf1 Kg7 25. Rae1 Qg5 26. Nd1 Rae8 27. b3 Bc8 28. Ne3 b5 29. Nc2 Bd7 30. Bc5 a5 31. Bd4 Kh7 32. h4 Qe7 33. Bxe5 Qxe5 34. Nd4 a4 35. Bc2 axb3 36. axb3 Kg7 37. Qd2 Qg3 38. Rf3 Qxh4 39. e5 Qg5 40. Qxg5 hxg5 41. Kf2 Nb7 42. Rc3 Rc8 43. Kg1 Rfe8 44. e6 fxe6 45. dxe6 Nd6 46. exd7 Rxe1+ 47. Kf2 Ree8 48. dxc8=Q Rxc8 49. Rxc7+ Rxc7 50. Ne6+ Kf6 51. Nxc7 Ke5 52. Bxg6 Kd4 53. Bh7 Kc3 54. Bg8 b4 55. Kf3 Nb7 56. Kg4 Nc5 57. Kxg5 Nxb3 58. Bxb3 Kxb3 59. Na6 Kc4 60. Nxb4 Kxb4 61. g4 Kc5 62. Kf6 Kd6 63. g5 1-0

[Event "IMSA Blitz Women 2019"]
[Site "Hengshui"]
[Date "2019.05.18"]
[Round "10.2"]
[White "Tan, Zhongyi"]
[Black "Gunina, Valentina"]
[Result "1-0"]
[ECO "A35"]
[WhiteElo "2513"]
[BlackElo "2506"]
[Annotator "RC"]
[PlyCount "121"]
[EventDate "2019.05.17"]
[EventType "blitz"]
[EventCountry "CHN"]
[SourceTitle "playchess.com"]
[Source "ChessBase"]
[SourceQuality "1"]
[TimeControl "180+2"]

1. c4 Nf6 2. Nc3 c5 3. Nf3 Nc6 4. e3 e6 5. d4 d5 6. a3 a6 7. dxc5 Bxc5 8. b4 Ba7 9. Bb2 O-O 10. Qc2 h6 11. Rd1 Qe7 12. cxd5 exd5 13. Be2 Rd8 14. O-O Be6 15. b5 axb5 16. Nxb5 Bb8 17. Rc1 Ne4 18. Rfd1 Rc8 19. Qb1 Re8 20. Bd3 Bg4 21. Be2 Nxf2 22. Rf1 Ne4 23. Rcd1 Rd8 24. Qa1 f5 25. Qa2 Kh7 26. Nbd4 f4 27. exf4 Bxf4 28. Bd3 Nb4 29. Qb3 Nxd3 30. Qxd3 Kh8 31. Rde1 Re8 32. h3 Bd7 33. Ne2 Qc5+ 34. Bd4 Qxa3 35. Qxa3 Rxa3 36. Nxf4 Bb5 37. Ra1 Rxa1 38. Rxa1 Kh7 39. Rb1 Bc6 40. Ne5 Re7 41. Rb6 Ng3 42. Nxc6 bxc6 43. Rxc6 Re4 44. Bf2 Nf5 45. Nxd5 Ra4 46. g4 Nd4 47. Bxd4 Rxd4 48. Ne3 Rf4 49. Kg2 Rf7 50. Re6 Ra7 51. Nf5 Ra2+ 52. Kg3 Ra3+ 53. Re3 Ra7 54. Re7 Ra3+ 55. Kh4 h5 56. Rxg7+ Kh8 57. Rb7 hxg4 58. hxg4 Ra6 59. Kh5 Rc6 60. g5 Ra6 61. g6 1-0

[Event "IMSA Blitz Women 2019"]
[Site "Hengshui"]
[Date "2019.05.18"]
[Round "10.2"]
[White "Zhao, Xue"]
[Black "Paehtz, Elisabeth"]
[Result "1-0"]
[ECO "A05"]
[WhiteElo "2485"]
[BlackElo "2470"]
[Annotator "RC"]
[PlyCount "107"]
[EventDate "2019.05.17"]
[EventType "blitz"]
[EventCountry "CHN"]
[SourceTitle "playchess.com"]
[Source "ChessBase"]
[SourceQuality "1"]
[TimeControl "180+2"]

1. Nf3 Nf6 2. c4 g6 3. b3 Bg7 4. Bb2 O-O 5. g3 a5 6. Bg2 c6 7. O-O d5 8. d3 Na6 9. a3 Bg4 10. Nbd2 Bxf3 11. Nxf3 e6 12. Qc2 Nd7 13. d4 b5 14. cxb5 cxb5 15. Rfc1 Rc8 16. Qd2 Qb6 17. e3 Bf6 18. Bf1 Be7 19. Qd3 Nc7 20. Rc2 a4 21. Rac1 Qb7 22. Ne5 Nb6 23. Nc6 Bd6 24. bxa4 Nxa4 25. Qb3 Kg7 26. Ne5 Rfd8 27. Ba1 f6 28. Nc6 Re8 29. Nb4 Nb6 30. Nd3 Nc4 31. a4 Rb8 32. axb5 Qxb5 33. Qxb5 Nxb5 34. Nf4 Nba3 35. Ra2 g5 36. Nd3 Rb3 37. Nc5 Bxc5 38. dxc5 Rc8 39. Bxc4 Nxc4 40. Ra7+ Kg6 41. e4 Rxc5 42. exd5 Rxd5 43. Rxc4 Rb1+ 44. Kg2 Rdd1 45. Bd4 Rg1+ 46. Kf3 h5 47. h3 Rb3+ 48. Be3 f5 49. Ra6 g4+ 50. hxg4 hxg4+ 51. Kf4 Kf6 52. Bd4+ Ke7 53. Rc7+ Kd8 54. Rh7 1-0

[Event "IMSA Blitz Women 2019"]
[Site "Hengshui"]
[Date "2019.05.18"]
[Round "10.2"]
[White "Khotenashvili, Bela"]
[Black "Dzagnidze, Nana"]
[Result "1/2-1/2"]
[ECO "A05"]
[WhiteElo "2476"]
[BlackElo "2510"]
[Annotator "RC"]
[PlyCount "119"]
[EventDate "2019.05.17"]
[EventType "blitz"]
[EventCountry "CHN"]
[SourceTitle "playchess.com"]
[Source "ChessBase"]
[SourceQuality "1"]
[TimeControl "180+2"]

1. Nf3 Nf6 2. g3 b6 3. Bg2 Bb7 4. c4 c5 5. Nc3 e6 6. d3 g6 7. O-O Bg7 8. e4 d6 9. Nh4 Nc6 10. f4 O-O 11. Nf3 Ne8 12. Be3 Nd4 13. Rb1 f5 14. exf5 Nxf5 15. Bf2 Nf6 16. Ng5 Bxg2 17. Kxg2 Qd7 18. Nce4 d5 19. Nxf6+ Bxf6 20. Nf3 Rae8 21. Re1 Qc6 22. Kg1 h5 23. Ne5 Bxe5 24. Rxe5 Rd8 25. Qf3 Rd6 26. Rbe1 dxc4 27. Qxc6 Rxc6 28. dxc4 Kf7 29. Rd1 Rd6 30. Rxd6 Nxd6 31. b3 Rd8 32. h3 Nf5 33. g4 Rd1+ 34. Kg2 hxg4 35. hxg4 Ne7 36. Re2 Nc6 37. Kf3 Nb4 38. Be1 Nc6 39. Bf2 Rd3+ 40. Ke4 Rd1 41. Be3 Kf6 42. Rh2 Kg7 43. Bd2 Kg8 44. Bc3 Nd4 45. g5 Kg7 46. Rd2 Rxd2 47. Bxd2 Nc6 48. Bc3+ Kf7 49. Ke3 Ke7 50. Ke4 Kd6 51. a3 Kd7 52. Ke3 a6 53. a4 Ne7 54. Ke4 Nc6 55. Ke3 Kd6 56. Ke4 Ke7 57. Bf6+ Kd6 58. Bc3 Kd7 59. Ke3 Kd6 60. Ke4 {[%emt 0:00:01] Ke5+} 1/2-1/2

[Event "IMSA Blitz Women 2019"]
[Site "Hengshui"]
[Date "2019.05.18"]
[Round "10.2"]
[White "Stefanova, Antoaneta"]
[Black "Bodnaruk, Anastasia"]
[Result "1-0"]
[ECO "A45"]
[WhiteElo "2470"]
[BlackElo "2431"]
[Annotator "ChessBase"]
[PlyCount "77"]
[EventDate "2019.05.17"]
[EventType "blitz"]
[EventCountry "CHN"]
[SourceTitle "playchess.com"]
[Source "ChessBase"]
[SourceQuality "1"]
[TimeControl "180+2"]

1. d4 Nf6 2. Nc3 d5 3. Bf4 g6 4. e3 Bg7 5. h4 h5 6. Be2 O-O 7. Nf3 c5 8. Nb5 Na6 9. c3 Bd7 10. a4 Bg4 11. Ne5 Bxe2 12. Qxe2 Nd7 13. g4 Nxe5 14. dxe5 hxg4 15. Qxg4 Qc8 16. Qxc8 Rfxc8 17. O-O-O d4 18. exd4 cxd4 19. Nxd4 Nc5 20. h5 Ne4 21. Rdf1 g5 22. h6 Bh8 23. h7+ Kf8 24. Be3 a5 25. Rfg1 f6 26. exf6 exf6 27. f4 Ra6 28. fxg5 fxg5 29. Bxg5 Rd6 30. Bf4 Rdd8 31. Ne6+ Kf7 32. Nxd8+ Rxd8 33. Bc7 Rc8 34. Bxa5 Nf6 35. Bb6 Re8 36. Bd4 Rc8 37. Rf1 Rc6 38. Rh6 Bg7 39. h8=Q 1-0

[Event "IMSA Blitz Women 2019"]
[Site "Hengshui"]
[Date "2019.05.18"]
[Round "10.2"]
[White "Abdumalik, Zhansaya"]
[Black "Lei, Tingjie"]
[Result "1/2-1/2"]
[ECO "B12"]
[WhiteElo "2464"]
[BlackElo "2507"]
[Annotator "RC"]
[PlyCount "118"]
[EventDate "2019.05.17"]
[EventType "blitz"]
[EventCountry "CHN"]
[SourceTitle "playchess.com"]
[Source "ChessBase"]
[SourceQuality "1"]
[TimeControl "180+2"]

1. e4 c6 2. d4 d5 3. e5 Bf5 4. Bd3 Bxd3 5. Qxd3 e6 6. Ne2 c5 7. c3 Nc6 8. O-O Nge7 9. Nd2 g6 10. Nf3 Bg7 11. h4 cxd4 12. cxd4 Nf5 13. Bg5 Qb6 14. Qa3 h6 15. Bd2 Qd8 16. g3 Nfe7 17. b4 a6 18. Nc3 b5 19. Qb2 Qb6 20. Be3 Nf5 21. Qd2 Nxb4 22. a4 O-O 23. Nxb5 Nxe3 24. fxe3 Nc6 25. Nd6 f6 26. Rab1 Qd8 27. Qc3 Ne7 28. Nb7 Qe8 29. exf6 Bxf6 30. Nc5 Nf5 31. Kg2 Rc8 32. Rb6 Rc6 33. Rfb1 e5 34. dxe5 Be7 35. Rxc6 Qxc6 36. Ne4 Qxa4 37. Nf6+ Bxf6 38. exf6 Qg4 39. Qe5 Qe4 40. f7+ Kh7 41. Qxe4 dxe4 42. Ne5 Nxe3+ 43. Kh3 Nf5 44. Rb6 e3 45. Kg2 g5 46. hxg5 hxg5 47. Kf3 Nd4+ 48. Kxe3 Nf5+ 49. Kf3 Nh6 50. Rxa6 Nxf7 51. Nxf7 Rxf7+ 52. Kg4 Rb7 53. Kxg5 Rb5+ 54. Kh4 Rb4+ 55. g4 Rb5 56. g5 Rb1 57. Ra7+ Kg6 58. Ra6+ Kh7 59. Ra4 Kg6 1/2-1/2

[Event "IMSA Blitz Women 2019"]
[Site "Hengshui"]
[Date "2019.05.18"]
[Round "10.2"]
[White "Ushenina, Anna"]
[Black "Koneru, Humpy"]
[Result "1-0"]
[ECO "E04"]
[WhiteElo "2442"]
[BlackElo "2553"]
[Annotator "RC"]
[PlyCount "187"]
[EventDate "2019.05.17"]
[EventType "blitz"]
[EventCountry "CHN"]
[SourceTitle "playchess.com"]
[Source "ChessBase"]
[SourceQuality "1"]
[TimeControl "180+2"]

1. d4 d5 2. c4 e6 3. Nf3 Nf6 4. g3 dxc4 5. Bg2 a6 6. O-O Nc6 7. e3 Bd7 8. Qe2 Bd6 9. Qxc4 O-O 10. Nbd2 e5 11. dxe5 Nxe5 12. Nxe5 Bxe5 13. Qc2 Bb5 14. Nc4 Bxc4 15. Qxc4 c6 16. Qb3 Qe7 17. Bd2 Rad8 18. Ba5 Rd7 19. Rad1 Bc7 20. Rxd7 Qxd7 21. Rd1 Qc8 22. Bc3 Rd8 23. Bxf6 Rxd1+ 24. Qxd1 gxf6 25. Be4 Qe6 26. Qf3 h6 27. b3 a5 28. Bf5 Qe5 29. Qg4+ Kf8 30. Kg2 Bd6 31. Be4 Qe6 32. Qh4 Kg7 33. Bf3 Be5 34. Qa4 Bc7 35. Qh4 Be5 36. Be4 b5 37. Bf3 c5 38. Qe4 Bd6 39. Qc6 b4 40. Qa8 Bc7 41. Qb7 Qb6 42. Qd5 Be5 43. Bh5 Qc7 44. Bf3 Qd6 45. Qa8 Qc7 46. Be2 Bc3 47. Bc4 Qd6 48. Qb7 Qf8 49. Qc7 Be1 50. Qxa5 Qd6 51. Qa7 Qf8 52. Qc7 Bc3 53. Qd7 Be5 54. h4 Bc3 55. Qc7 Be5 56. Qd7 Bc3 57. Qg4+ Kh8 58. Qh5 Kg7 59. Qg4+ Kh8 60. Qf4 Kg7 61. Qc7 Be5 62. Qd7 Bc3 63. Kg1 Be5 64. Qf5 Qg8 65. Bd3 Kh8 66. Qh5 Kg7 67. f4 Bd6 68. Qf5 Be7 69. Kf2 Kf8 70. Kf3 Kg7 71. Be4 Kf8 72. Bd5 Kg7 73. Kg4 Qd8 74. Be4 Qg8 75. Kh5 Qh8 76. Qg4+ Kf8 77. Qc8+ Kg7 78. Qxh8+ Kxh8 79. Kxh6 Bf8+ 80. Kh5 Kg7 81. Kg4 Be7 82. Kf5 Bd6 83. Bd5 Bc7 84. g4 Bd8 85. h5 Be7 86. Be4 Bd6 87. Bd3 Be7 88. Ke4 Kh6 89. Kd5 Bf8 90. Kc6 Kg7 91. Bf5 Be7 92. Kd7 Bf8 93. Be4 Kg8 94. Ke8 1-0

[Event "IMSA Blitz Women 2019"]
[Site "Hengshui"]
[Date "2019.05.18"]
[Round "11.1"]
[White "Kosteniuk, Alexandra"]
[Black "Abdumalik, Zhansaya"]
[Result "1-0"]
[ECO "E94"]
[WhiteElo "2546"]
[BlackElo "2464"]
[Annotator "RC"]
[PlyCount "77"]
[EventDate "2019.05.17"]
[EventType "blitz"]
[EventCountry "CHN"]
[SourceTitle "playchess.com"]
[Source "ChessBase"]
[SourceQuality "1"]
[TimeControl "180+2"]

1. c4 Nf6 2. Nc3 d6 3. d4 g6 4. e4 e5 5. Nf3 Nbd7 6. Be2 Bg7 7. O-O O-O 8. Qc2 c6 9. d5 c5 10. Bg5 h6 11. Bh4 g5 12. Bg3 Nh5 13. Nd2 Nf4 14. Bg4 Nf6 15. Bxc8 Qxc8 16. a3 N6h5 17. b4 Ng6 18. Nb5 Qd7 19. bxc5 dxc5 20. Nb3 b6 21. Nc3 Nhf4 22. a4 h5 23. f3 g4 24. Nd1 gxf3 25. Rxf3 Qg4 26. Ne3 Qg5 27. Nf5 Bf6 28. Raf1 Kh7 29. Qf2 Rg8 30. Kh1 h4 31. Bxf4 Nxf4 32. Rg1 Rg6 33. g4 Rag8 34. h3 Bd8 35. Nd2 a6 36. Kh2 Re8 37. Rb3 Qf6 38. Nf3 Rh8 39. g5 1-0

[Event "IMSA Blitz Women 2019"]
[Site "Hengshui"]
[Date "2019.05.18"]
[Round "11.1"]
[White "Tan, Zhongyi"]
[Black "Bodnaruk, Anastasia"]
[Result "1-0"]
[ECO "A21"]
[WhiteElo "2513"]
[BlackElo "2431"]
[Annotator "RC"]
[PlyCount "95"]
[EventDate "2019.05.17"]
[EventType "blitz"]
[EventCountry "CHN"]
[SourceTitle "playchess.com"]
[Source "ChessBase"]
[SourceQuality "1"]
[TimeControl "180+2"]

1. c4 e5 2. Nc3 d6 3. Nf3 f5 4. d4 e4 5. Ng5 Be7 6. Nh3 Nf6 7. g3 O-O 8. Bg2 c5 9. d5 Nbd7 10. O-O Ne5 11. b3 Bd7 12. f3 exf3 13. exf3 a6 14. f4 Nf7 15. Qd3 b5 16. Nf2 bxc4 17. bxc4 Rb8 18. Re1 Re8 19. Bd2 g6 20. Rab1 Bf8 21. Rxe8 Qxe8 22. Bf3 Bg7 23. Qc2 Qd8 24. Ne2 Ng4 25. Kg2 Nxf2 26. Kxf2 h6 27. Ba5 Qc8 28. Rb3 Bf6 29. Qb1 Rxb3 30. Qxb3 Bd8 31. Bc3 Kh7 32. Ba1 Be7 33. Qb2 Qh8 34. Qb1 Qd8 35. h4 h5 36. Ng1 a5 37. Qb7 a4 38. a3 Qc8 39. Qb6 Qd8 40. Qb7 Qc8 41. Qb1 Qd8 42. Bd1 Bf6 43. Nf3 Qh8 44. Qb7 Be8 45. Ng5+ Kg8 46. Qb8 Kf8 47. Bxf6 Qxf6 48. Nh7+ 1-0